[ AOE2 MATCH · #477321329 ]
UnrankedCelts vs Koreans
[ REPLAY ANALYSIS · EXTRACTED FROM THE RECORDED GAME ]
Feudal
8:19
Castle
14:22
Imperial
39:27
| APM avg | 20.8 |
| APM peak | 37 |
| eAPM avg | 9.3 |
| Villagers / military | 53 / 129 |
Focus
⚔️ 45.7% · 🌾 54.3%
Woad Raider ×66 · Scorpion ×50 · Skirmisher ×12 · Trade Cart ×3 · Monk ×1
Feudal
8:31
Castle
13:41
Imperial
23:48
| APM avg | 12.4 |
| APM peak | 37 |
| eAPM avg | 8.8 |
| Villagers / military | 85 / 113 |
Focus
⚔️ 24.2% · 🌾 75.8%
Hand Cannoneer ×75 · Janissary ×15 · Bombard Cannon ×15 · Scout Cavalry ×8 · Trade Cart ×2
Feudal
9:02
Castle
13:22
Imperial
35:31
| APM avg | 11.6 |
| APM peak | 26 |
| eAPM avg | 9.6 |
| Villagers / military | 103 / 147 |
Focus
⚔️ 28.7% · 🌾 71.3%
Archer ×120 · Fire Lancer ×27
Feudal
9:21
Castle
18:55
Imperial
33:14
| APM avg | 38.4 |
| APM peak | 175 |
| eAPM avg | 31.4 |
| Villagers / military | 50 / 102 |
Focus
⚔️ 6.4% · 🌾 93.6%
Knight ×45 · Samurai ×45 · Trade Cart ×11 · Scout Cavalry ×10 · Monk ×1 · Trebuchet (Packed) ×1
Match map
Initial resources + every placement click. Lines = walls · curves = elevation contours. ◆ gold · ⬟ stone · ● berries · ✦ relic · ◌ wall gap
Your base· ✓ Closed at 14:22 · 0t walls · 6 gate(s)
The7thSwabian's base· ✓ Closed at 13:41 · 0t walls · 8 gate(s)
SGTbubbles's base· ✓ Closed at 13:22 · 0t walls · 5 gate(s)
Coopz881006's base· ✓ Closed at 18:55 · 80t walls · 6 gate(s)
Smoothed initial terrain · ◌ = detected wall gap · hover for details
Inputs per minute
— Foeoel - - The7thSwabian
Build order — Foeoel
First 150 of 276 actions detected
| 0:18 | Create | Villager (Male) |
| 0:19 | Create | Villager (Male) |
| 0:19 | Create | Villager (Male) |
| 0:19 | Create | Villager (Male) |
| 0:19 | Create | Villager (Male) |
| 0:28 | Build | Mill |
| 0:55 | Build | Lumber Camp |
| 1:34 | Create | Villager (Male) |
| 1:34 | Create | Villager (Male) |
| 1:47 | Research | Loom |
| 2:05 | Create | Villager (Male) |
| 2:06 | Create | Villager (Male) |
| 2:06 | Create | Villager (Male) |
| 2:50 | Create | Villager (Male) |
| 2:50 | Create | Villager (Male) |
| 2:50 | Create | Villager (Male) |
| 3:40 | Create | Villager (Male) |
| 3:41 | Create | Villager (Male) |
| 3:41 | Create | Villager (Male) |
| 5:51 | Build | Mining Camp |
| 6:07 | Research | Feudal Age |
| 6:39 | Build | Mining Camp |
| 7:40 | Create | Villager (Male) |
| 7:40 | Create | Villager (Male) |
| 8:19 | Age | Feudal Age |
| 8:42 | Build | Market |
| 9:09 | Build | Blacksmith |
| 9:14 | Research | Double-Bit Axe |
| 9:17 | Research | Horse Collar |
| 9:40 | Research | Wheelbarrow |
| 9:51 | Build | Farm |
| 9:55 | Build | Farm |
| 10:00 | Build | Farm |
| 11:42 | Research | Castle Age |
| 12:00 | Research | Town Watch |
| 13:49 | Build | Archery Range |
| 14:22 | Age | Castle Age |
| 15:02 | Research | Arson |
| 15:04 | Create | Woad Raider |
| 15:05 | Create | Woad Raider |
| 15:05 | Create | Woad Raider |
| 15:05 | Create | Woad Raider |
| 15:05 | Create | Woad Raider |
| 15:05 | Create | Woad Raider |
| 15:05 | Create | Woad Raider |
| 15:06 | Create | Woad Raider |
| 15:06 | Create | Woad Raider |
| 15:06 | Create | Woad Raider |
| 15:06 | Create | Woad Raider |
| 15:06 | Create | Woad Raider |
| 15:06 | Create | Woad Raider |
| 15:10 | Create | Villager (Male) |
| 15:10 | Create | Villager (Male) |
| 15:11 | Create | Villager (Male) |
| 15:23 | Build | Outpost |
| 15:59 | Build | Town Center |
| 16:13 | Build | Farm |
| 16:15 | Build | Farm |
| 16:16 | Build | Farm |
| 16:18 | Research | Heavy Plow |
| 17:00 | Research | Bow Saw |
| 17:05 | Create | Villager (Male) |
| 17:05 | Create | Villager (Male) |
| 17:20 | Build | Outpost |
| 17:22 | Create | Skirmisher |
| 17:23 | Create | Skirmisher |
| 17:23 | Create | Skirmisher |
| 17:23 | Create | Skirmisher |
| 17:31 | Create | Villager (Male) |
| 17:31 | Create | Villager (Male) |
| 18:31 | Create | Skirmisher |
| 18:31 | Create | Skirmisher |
| 18:31 | Create | Skirmisher |
| 18:31 | Create | Skirmisher |
| 18:31 | Create | Skirmisher |
| 18:32 | Create | Skirmisher |
| 18:32 | Create | Skirmisher |
| 18:32 | Create | Skirmisher |
| 18:43 | Create | Villager (Male) |
| 18:43 | Create | Villager (Male) |
| 19:15 | Research | Forging |
| 19:28 | Create | Villager (Male) |
| 19:28 | Create | Villager (Male) |
| 19:41 | Create | Villager (Male) |
| 19:42 | Create | Villager (Male) |
| 20:12 | Build | Farm |
| 20:23 | Build | Farm |
| 20:32 | Build | House |
| 20:34 | Build | House |
| 20:35 | Build | House |
| 20:37 | Build | House |
| 20:39 | Build | House |
| 20:40 | Build | House |
| 20:42 | Build | House |
| 20:43 | Build | House |
| 21:27 | Build | Castle |
| 21:35 | Create | Villager (Male) |
| 21:36 | Create | Villager (Male) |
| 21:36 | Create | Villager (Male) |
| 21:36 | Create | Villager (Male) |
| 21:36 | Create | Villager (Male) |
| 21:36 | Create | Villager (Male) |
| 21:37 | Create | Villager (Male) |
| 21:37 | Create | Villager (Male) |
| 22:10 | Research | Iron Casting |
| 23:19 | Build | Siege Workshop |
| 23:24 | Build | Siege Workshop |
| 23:27 | Create | Woad Raider |
| 23:27 | Create | Woad Raider |
| 23:27 | Create | Woad Raider |
| 23:27 | Create | Woad Raider |
| 23:28 | Create | Woad Raider |
| 23:28 | Create | Woad Raider |
| 23:55 | Research | Elite Skirmisher (upgrade) |
| 24:09 | Research | Gold Mining |
| 24:40 | Create | Villager (Male) |
| 24:40 | Create | Villager (Male) |
| 24:41 | Create | Villager (Male) |
| 24:41 | Create | Villager (Male) |
| 24:46 | Create | Scorpion |
| 24:47 | Create | Scorpion |
| 24:47 | Create | Scorpion |
| 24:47 | Create | Scorpion |
| 24:47 | Create | Scorpion |
| 24:48 | Create | Scorpion |
| 24:56 | Create | Scorpion |
| 24:56 | Create | Scorpion |
| 24:56 | Create | Scorpion |
| 25:05 | Research | Scale Mail Armor |
| 25:13 | Build | Farm |
| 25:40 | Create | Trade Cart |
| 25:40 | Create | Trade Cart |
| 25:41 | Create | Trade Cart |
| 26:01 | Build | Farm |
| 26:05 | Build | Farm |
| 26:13 | Create | Scorpion |
| 26:13 | Create | Scorpion |
| 26:17 | Create | Woad Raider |
| 26:18 | Create | Woad Raider |
| 26:18 | Create | Woad Raider |
| 26:18 | Create | Woad Raider |
| 26:18 | Create | Woad Raider |
| 26:18 | Create | Woad Raider |
| 26:18 | Create | Woad Raider |
| 26:49 | Build | Farm |
| 27:10 | Build | Monastery |
| 27:15 | Create | Scorpion |
| 27:15 | Create | Scorpion |
| 27:15 | Create | Scorpion |
| 27:16 | Create | Scorpion |
Build order — The7thSwabian
First 150 of 214 actions detected
| 0:05 | Create | Villager (Male) |
| 0:06 | Create | Villager (Male) |
| 0:06 | Create | Villager (Male) |
| 0:06 | Create | Villager (Male) |
| 0:07 | Create | Villager (Male) |
| 0:20 | Build | Mining Camp |
| 0:35 | Build | Lumber Camp |
| 1:26 | Create | Villager (Male) |
| 1:28 | Create | Villager (Male) |
| 1:59 | Create | Villager (Male) |
| 2:26 | Create | Villager (Male) |
| 2:48 | Create | Villager (Male) |
| 3:18 | Build | Mill |
| 3:24 | Create | Villager (Male) |
| 3:25 | Create | Villager (Male) |
| 4:35 | Create | Villager (Male) |
| 4:35 | Create | Villager (Male) |
| 4:36 | Create | Villager (Male) |
| 5:29 | Build | Mill |
| 6:21 | Research | Feudal Age |
| 8:27 | Create | Villager (Male) |
| 8:28 | Create | Villager (Male) |
| 8:28 | Create | Villager (Male) |
| 8:31 | Age | Feudal Age |
| 8:43 | Build | Blacksmith |
| 9:04 | Build | Stable |
| 9:55 | Build | Stable |
| 10:49 | Build | Mining Camp |
| 11:01 | Research | Castle Age |
| 12:39 | Research | Stone Mining |
| 13:15 | Create | Scout Cavalry |
| 13:15 | Create | Scout Cavalry |
| 13:26 | Research | Double-Bit Axe |
| 13:35 | Research | Horse Collar |
| 13:41 | Age | Castle Age |
| 13:44 | Build | Farm |
| 13:46 | Build | Farm |
| 13:50 | Build | Farm |
| 13:55 | Create | Villager (Male) |
| 13:55 | Create | Villager (Male) |
| 14:29 | Build | Town Center |
| 14:39 | Build | Farm |
| 14:43 | Build | Farm |
| 14:47 | Create | Villager (Male) |
| 14:47 | Create | Villager (Male) |
| 15:02 | Build | Farm |
| 15:05 | Build | Farm |
| 15:21 | Create | Scout Cavalry |
| 15:34 | Build | Farm |
| 15:40 | Create | Villager (Male) |
| 15:40 | Create | Villager (Male) |
| 15:42 | Create | Villager (Male) |
| 15:42 | Create | Villager (Male) |
| 16:05 | Research | Gold Mining |
| 16:09 | Build | Farm |
| 16:16 | Create | Villager (Male) |
| 16:19 | Build | Farm |
| 16:45 | Build | Farm |
| 17:04 | Build | Farm |
| 17:06 | Build | Farm |
| 17:10 | Build | Farm |
| 17:14 | Create | Villager (Male) |
| 17:14 | Create | Villager (Male) |
| 17:16 | Create | Villager (Male) |
| 17:16 | Create | Villager (Male) |
| 17:31 | Research | Bow Saw |
| 19:35 | Build | Farm |
| 19:38 | Build | Farm |
| 20:38 | Research | Imperial Age |
| 20:42 | Create | Villager (Male) |
| 20:42 | Create | Villager (Male) |
| 20:45 | Research | Loom |
| 20:54 | Research | Heavy Plow |
| 21:15 | Create | Janissary ×2 |
| 21:38 | Build | Archery Range |
| 21:40 | Build | Archery Range |
| 21:46 | Build | Archery Range |
| 22:12 | Create | Villager (Male) |
| 22:12 | Create | Villager (Male) |
| 22:13 | Create | Villager (Male) |
| 22:16 | Build | House |
| 22:26 | Build | House |
| 22:27 | Build | House |
| 22:29 | Build | House |
| 22:30 | Build | House |
| 22:32 | Build | House |
| 22:33 | Build | House |
| 22:35 | Build | House |
| 22:36 | Build | House |
| 22:45 | Research | Wheelbarrow |
| 22:46 | Research | Town Watch |
| 23:29 | Build | Market |
| 23:48 | Age | Imperial Age |
| 23:54 | Create | Villager (Male) ×5 |
| 23:59 | Research | Gold Shaft Mining |
| 24:12 | Create | Hand Cannoneer ×4 |
| 24:36 | Build | Castle |
| 24:48 | Create | Villager (Male) |
| 24:48 | Create | Villager (Male) |
| 24:48 | Create | Villager (Male) |
| 25:02 | Create | Janissary |
| 25:02 | Create | Janissary |
| 25:02 | Create | Janissary |
| 25:18 | Create | Villager (Male) ×5 |
| 26:13 | Build | Town Center |
| 26:27 | Create | Villager (Male) |
| 26:27 | Create | Villager (Male) |
| 26:38 | Research | Scale Mail Armor |
| 26:39 | Research | Fletching |
| 26:52 | Build | Mining Camp |
| 27:09 | Build | Siege Workshop |
| 27:12 | Build | Siege Workshop |
| 27:27 | Create | Trade Cart |
| 27:37 | Create | Villager (Male) ×5 |
| 27:56 | Build | Mining Camp |
| 28:00 | Build | Farm |
| 28:10 | Create | Villager (Male) |
| 28:10 | Create | Villager (Male) |
| 28:12 | Create | Villager (Male) |
| 28:12 | Create | Villager (Male) |
| 28:13 | Create | Villager (Male) |
| 28:24 | Research | Hand Cart |
| 28:25 | Research | Town Patrol |
| 28:29 | Create | Bombard Cannon |
| 28:29 | Create | Bombard Cannon |
| 28:37 | Create | Hand Cannoneer |
| 28:38 | Create | Hand Cannoneer |
| 28:38 | Create | Hand Cannoneer |
| 28:38 | Create | Hand Cannoneer |
| 29:04 | Build | Farm |
| 29:05 | Build | Farm |
| 29:07 | Build | Farm |
| 29:44 | Build | House |
| 29:47 | Build | House |
| 30:01 | Build | Lumber Camp |
| 30:13 | Research | Town Patrol |
| 30:17 | Create | Villager (Male) |
| 30:18 | Create | Villager (Male) |
| 30:20 | Create | Villager (Male) |
| 30:22 | Create | Villager (Male) |
| 30:22 | Create | Villager (Male) |
| 30:23 | Create | Villager (Male) |
| 30:23 | Create | Villager (Male) |
| 30:34 | Research | Bodkin Arrow |
| 30:36 | Research | Chain Mail Armor |
| 30:52 | Build | Farm |
| 30:59 | Build | Farm |
| 31:32 | Build | Stable |
| 31:33 | Build | Stable |
| 31:41 | Research | Conscription |
Build order — SGTbubbles
First 150 of 252 actions detected
| 0:15 | Build | Lumber Camp |
| 0:20 | Create | Villager (Male) |
| 0:20 | Create | Villager (Male) |
| 0:20 | Create | Villager (Male) |
| 0:20 | Create | Villager (Male) |
| 1:07 | Create | Villager (Male) |
| 1:37 | Create | Villager (Male) |
| 1:37 | Create | Villager (Male) |
| 2:06 | Create | Villager (Male) |
| 3:00 | Create | Villager (Male) |
| 3:01 | Create | Villager (Male) |
| 4:20 | Build | Mill |
| 4:22 | Create | Villager (Male) |
| 4:23 | Create | Villager (Male) |
| 4:23 | Create | Villager (Male) |
| 4:23 | Create | Villager (Male) |
| 4:23 | Create | Villager (Male) |
| 4:24 | Create | Villager (Male) |
| 4:24 | Create | Villager (Male) |
| 5:48 | Build | Mining Camp |
| 6:29 | Research | Feudal Age |
| 9:02 | Age | Feudal Age |
| 9:13 | Build | Blacksmith |
| 9:37 | Build | Market |
| 9:46 | Create | Villager (Male) |
| 9:46 | Create | Villager (Male) |
| 9:58 | Research | Double-Bit Axe |
| 10:42 | Research | Castle Age |
| 11:39 | Build | Lumber Camp |
| 12:29 | Build | Lumber Camp |
| 12:42 | Create | Villager (Male) |
| 12:42 | Create | Villager (Male) |
| 12:43 | Create | Villager (Male) |
| 12:43 | Create | Villager (Male) |
| 12:43 | Create | Villager (Male) |
| 12:52 | Research | Forging |
| 12:53 | Research | Scale Mail Armor |
| 13:13 | Research | Horse Collar |
| 13:22 | Age | Castle Age |
| 13:28 | Build | Town Center |
| 13:37 | Create | Villager (Male) |
| 14:05 | Build | Farm |
| 14:07 | Build | Farm |
| 14:09 | Build | Farm |
| 14:11 | Build | Farm |
| 14:13 | Build | Farm |
| 14:18 | Build | Farm |
| 14:20 | Create | Villager (Male) |
| 14:30 | Build | Mining Camp |
| 14:48 | Create | Villager (Male) |
| 15:24 | Build | Stone Wall |
| 15:34 | Create | Villager (Male) |
| 15:35 | Create | Villager (Male) |
| 15:35 | Create | Villager (Male) |
| 16:07 | Build | Stone Wall |
| 16:35 | Create | Villager (Male) |
| 16:35 | Create | Villager (Male) |
| 16:42 | Create | Villager (Male) |
| 17:16 | Build | Farm |
| 17:17 | Build | Farm |
| 17:17 | Build | Farm |
| 17:18 | Build | Farm |
| 17:19 | Build | Farm |
| 17:19 | Build | Farm |
| 17:20 | Build | Farm |
| 17:21 | Build | Farm |
| 17:23 | Create | Villager (Male) |
| 17:23 | Create | Villager (Male) |
| 17:23 | Create | Villager (Male) |
| 17:29 | Create | Villager (Male) |
| 18:50 | Build | Barracks |
| 18:51 | Build | Barracks |
| 20:01 | Research | Squires |
| 20:11 | Build | Farm |
| 20:22 | Build | Barracks |
| 20:23 | Build | Barracks |
| 20:37 | Create | Fire Lancer |
| 20:38 | Create | Fire Lancer |
| 20:38 | Create | Fire Lancer |
| 20:46 | Create | Fire Lancer ×5 |
| 20:47 | Create | Fire Lancer ×5 |
| 20:47 | Create | Fire Lancer ×5 |
| 20:48 | Create | Fire Lancer ×5 |
| 20:54 | Build | Farm |
| 21:20 | Build | Town Center |
| 21:45 | Build | Stone Wall |
| 22:01 | Create | Fire Lancer ×2 |
| 22:02 | Create | Fire Lancer ×2 |
| 22:25 | Build | Archery Range |
| 22:26 | Build | Archery Range |
| 22:27 | Build | Archery Range |
| 22:57 | Create | Villager (Male) |
| 22:57 | Create | Villager (Male) |
| 22:58 | Create | Villager (Male) |
| 22:58 | Create | Villager (Male) |
| 22:58 | Create | Villager (Male) |
| 22:59 | Create | Villager (Male) |
| 22:59 | Create | Villager (Male) |
| 23:05 | Create | Villager (Male) |
| 23:05 | Create | Villager (Male) |
| 23:05 | Create | Villager (Male) |
| 23:06 | Create | Villager (Male) |
| 23:06 | Create | Villager (Male) |
| 23:06 | Create | Villager (Male) |
| 23:16 | Build | Farm |
| 23:18 | Build | Farm |
| 23:19 | Build | Farm |
| 23:24 | Build | Farm |
| 23:25 | Build | Farm |
| 23:32 | Research | Thumb Ring |
| 23:32 | Research | Thumb Ring |
| 23:33 | Research | Crossbowman (upgrade) |
| 23:41 | Research | Fletching |
| 24:33 | Build | Stone Wall |
| 24:54 | Build | House |
| 24:56 | Build | House |
| 24:57 | Build | House |
| 24:58 | Build | House |
| 25:05 | Build | House |
| 25:06 | Build | House |
| 25:07 | Build | House |
| 25:09 | Build | House |
| 25:10 | Build | House |
| 25:18 | Create | Villager (Male) |
| 25:19 | Create | Villager (Male) |
| 25:19 | Create | Villager (Male) |
| 25:19 | Create | Villager (Male) |
| 25:21 | Create | Villager (Male) |
| 26:37 | Build | Gate |
| 26:59 | Create | Archer ×5 |
| 26:59 | Create | Archer ×5 |
| 26:59 | Create | Archer ×5 |
| 27:23 | Create | Archer ×5 |
| 27:57 | Build | University |
| 28:19 | Build | Archery Range |
| 28:20 | Build | Archery Range |
| 28:21 | Build | Archery Range |
| 28:22 | Build | Archery Range |
| 28:23 | Build | Archery Range |
| 28:24 | Build | Archery Range |
| 28:42 | Create | Archer ×4 |
| 28:42 | Create | Archer ×4 |
| 28:54 | Create | Villager (Male) ×5 |
| 28:54 | Create | Villager (Male) ×5 |
| 28:54 | Create | Villager (Male) ×5 |
| 29:44 | Build | Mining Camp |
| 29:53 | Research | Gold Mining |
| 30:14 | Research | Ballistics |
| 30:36 | Create | Villager (Male) |
| 30:37 | Create | Villager (Male) |
Build order — Coopz881006
First 150 of 585 actions detected
| 0:05 | Create | Villager (Male) |
| 0:07 | Create | Villager (Male) ×3 |
| 0:07 | Create | Villager (Male) |
| 0:27 | Build | Lumber Camp |
| 0:45 | Build | Mill |
| 1:20 | Create | Villager (Male) |
| 1:37 | Create | Villager (Male) |
| 2:05 | Create | Villager (Male) |
| 2:21 | Create | Villager (Male) |
| 2:34 | Create | Villager (Male) |
| 2:55 | Create | Villager (Male) |
| 3:02 | Create | Villager (Male) |
| 3:26 | Create | Villager (Male) |
| 3:36 | Research | Loom |
| 3:50 | Create | Villager (Male) |
| 3:56 | Create | Villager (Male) |
| 4:02 | Create | Villager (Male) |
| 4:15 | Create | Villager (Male) |
| 6:59 | Research | Feudal Age |
| 8:35 | Build | Mining Camp |
| 8:41 | Build | Mining Camp |
| 9:21 | Age | Feudal Age |
| 9:22 | Research | Wheelbarrow |
| 9:25 | Research | Double-Bit Axe |
| 9:27 | Build | Farm |
| 9:27 | Build | Farm |
| 9:27 | Build | Farm |
| 9:27 | Build | Farm |
| 9:27 | Build | Farm |
| 9:27 | Build | Farm |
| 9:27 | Build | Farm |
| 9:27 | Build | Farm |
| 9:27 | Build | Farm |
| 9:27 | Build | Farm |
| 9:27 | Build | Farm |
| 9:28 | Build | Farm |
| 9:28 | Build | Farm |
| 9:28 | Build | Farm |
| 9:28 | Build | Farm |
| 9:28 | Build | Farm |
| 9:28 | Build | Farm |
| 9:28 | Build | Farm |
| 9:28 | Build | Farm |
| 9:28 | Build | Farm |
| 9:28 | Build | Farm |
| 9:28 | Build | Farm |
| 9:28 | Build | Farm |
| 9:28 | Build | Farm |
| 9:28 | Build | Farm |
| 9:28 | Build | Farm |
| 9:28 | Build | Farm |
| 9:28 | Build | Farm |
| 9:30 | Build | Farm |
| 9:30 | Build | Farm |
| 9:31 | Build | Farm |
| 9:31 | Build | Farm |
| 9:31 | Build | Farm |
| 9:31 | Build | Farm |
| 9:31 | Build | Farm |
| 9:31 | Build | Farm |
| 9:31 | Build | Farm |
| 9:31 | Build | Farm |
| 9:32 | Research | Horse Collar |
| 9:35 | Research | Gold Mining |
| 9:35 | Build | Farm |
| 9:35 | Build | Farm |
| 9:35 | Build | Farm |
| 9:35 | Build | Farm |
| 9:35 | Build | Farm |
| 9:35 | Build | Farm |
| 9:35 | Build | Farm |
| 9:35 | Build | Farm |
| 9:35 | Build | Farm |
| 9:35 | Build | Farm |
| 9:38 | Research | Stone Mining |
| 10:00 | Build | Lumber Camp |
| 11:08 | Build | Stone Wall |
| 11:41 | Build | Stone Wall |
| 11:55 | Build | Stone Wall |
| 12:07 | Create | Villager (Male) |
| 12:08 | Create | Villager (Male) |
| 12:09 | Create | Villager (Male) |
| 12:09 | Create | Villager (Male) |
| 12:10 | Create | Villager (Male) |
| 12:11 | Create | Villager (Male) |
| 12:37 | Build | Market |
| 12:46 | Build | Blacksmith |
| 13:22 | Create | Villager (Male) |
| 13:22 | Create | Villager (Male) |
| 14:29 | Build | Stone Wall |
| 14:39 | Build | Stone Wall |
| 14:55 | Create | Trade Cart ×8 |
| 15:23 | Build | Farm |
| 15:23 | Build | Farm |
| 15:23 | Build | Farm |
| 15:23 | Build | Farm |
| 15:23 | Build | Farm |
| 15:23 | Build | Farm |
| 15:24 | Build | Farm |
| 15:24 | Build | Farm |
| 15:24 | Build | Farm |
| 15:24 | Build | Farm |
| 15:24 | Build | Farm |
| 15:24 | Build | Farm |
| 15:24 | Build | Farm |
| 15:24 | Build | Farm |
| 15:24 | Build | Farm |
| 15:27 | Build | Stone Wall |
| 15:28 | Build | Farm |
| 15:28 | Build | Farm |
| 15:28 | Build | Farm |
| 15:28 | Build | Farm |
| 15:28 | Build | Farm |
| 15:28 | Build | Farm |
| 15:28 | Build | Farm |
| 15:28 | Build | Farm |
| 15:58 | Build | Market |
| 16:15 | Research | Castle Age |
| 16:24 | Build | House |
| 16:31 | Build | Mining Camp |
| 16:32 | Build | Farm |
| 16:32 | Build | Farm |
| 16:32 | Build | Farm |
| 16:32 | Build | Farm |
| 16:32 | Build | Farm |
| 16:33 | Build | Farm |
| 16:33 | Build | Farm |
| 16:33 | Build | Farm |
| 16:33 | Build | Farm |
| 16:33 | Build | Farm |
| 16:33 | Build | Farm |
| 16:33 | Build | Farm |
| 16:33 | Build | Farm |
| 16:33 | Build | Farm |
| 16:55 | Build | House |
| 17:00 | Build | House |
| 17:03 | Build | House |
| 17:08 | Build | House |
| 17:13 | Build | House |
| 17:51 | Build | Farm |
| 17:51 | Build | Farm |
| 17:51 | Build | Farm |
| 17:51 | Build | Farm |
| 17:51 | Build | Farm |
| 17:51 | Build | Farm |
| 17:51 | Build | Farm |
| 17:51 | Build | Farm |
| 17:51 | Build | Farm |
| 17:51 | Build | Farm |
| 17:51 | Build | Farm |
Match timeline
| 8:19 | Foeoel · age_up feudal |
| 8:31 | The7thSwabian · age_up feudal |
| 9:02 | SGTbubbles · age_up feudal |
| 9:04 | The7thSwabian · first_building Stable |
| 9:21 | Coopz881006 · age_up feudal |
| 11:08 | Coopz881006 · wall_segment Stone Wall x17 |
| 11:08 | Foeoel · first_market_buy 100 food |
| 11:41 | Coopz881006 · wall_segment Stone Wall x16 |
| 11:55 | Coopz881006 · wall_segment Stone Wall x13 |
| 13:22 | SGTbubbles · age_up castle |
| 13:41 | The7thSwabian · age_up castle |
| 13:49 | Foeoel · first_building Archery Range |
| 14:22 | Foeoel · age_up castle |
| 14:29 | Coopz881006 · wall_segment Stone Wall x16 |
| 14:39 | Coopz881006 · wall_segment Stone Wall x6 |
| 15:24 | SGTbubbles · wall_segment Stone Wall x20 |
| 15:27 | Coopz881006 · wall_segment Stone Wall x12 |
| 16:07 | SGTbubbles · wall_segment Stone Wall x4 |
| 16:09 | Coopz881006 · first_market_buy 100 food |
| 18:50 | SGTbubbles · first_building Barracks |
| 18:55 | Coopz881006 · age_up castle |
| 21:27 | Foeoel · first_building Castle |
| 21:38 | The7thSwabian · first_building Archery Range |
| 21:45 | SGTbubbles · wall_segment Stone Wall x2 |
| 22:25 | SGTbubbles · first_building Archery Range |
| 22:26 | Coopz881006 · first_building Monastery |
| 23:19 | Foeoel · first_building Siege Workshop |
| 23:31 | Coopz881006 · wall_segment Stone Wall x35 |
| 23:48 | The7thSwabian · age_up imperial |
| 24:32 | Coopz881006 · wall_segment Stone Wall x3 |
| 24:33 | SGTbubbles · wall_segment Stone Wall x46 |
| 24:36 | The7thSwabian · first_building Castle |
| 25:05 | Coopz881006 · wall_segment Stone Wall x11 |
| 27:09 | The7thSwabian · first_building Siege Workshop |
| 27:10 | Foeoel · first_building Monastery |
| 29:54 | Foeoel · first_market_sell 100 wood |
| 30:24 | Coopz881006 · first_building Stable |
| 31:00 | Foeoel · wall_segment Stone Wall x24 |
| 32:17 | SGTbubbles · first_market_sell 100 food |
| 32:17 | Coopz881006 · first_building Castle |
| 33:14 | Coopz881006 · age_up imperial |
| 33:58 | Foeoel · wall_segment Stone Wall x10 |
| 34:38 | Foeoel · wall_segment Stone Wall x26 |
| 35:31 | SGTbubbles · age_up imperial |
| 35:55 | Coopz881006 · wall_segment Stone Wall x2 |
| 36:31 | Foeoel · wall_segment Stone Wall x5 |
| 36:40 | Foeoel · wall_segment Stone Wall x9 |
| 37:25 | Coopz881006 · first_market_sell 100 food |
| 39:27 | SGTbubbles · first_building Siege Workshop |
| 39:27 | Foeoel · age_up imperial |
| 44:35 | SGTbubbles · resign |
[ AI ANALYSIS · 1 CREDIT ]
What really happened in this match?
Wolo.gg analyzes every decision: build order, eco, micro, common mistakes by bracket. Personalized analysis on WhatsApp or Discord in 30 seconds.
Civ guide
Celts
Perfil
Jugador #254440